| TOP OF THE 1ST |
|
Amarillo ThunderHeads batting - Pitching for Roswell Invaders : RHP Joe Mulholland
|
|
Pitching: RHP Joe Mulholland
|
|
|
Batting: LHB Eddie Reyes
|
0-0: Foul Ball, location: 2F 0-1: Called Strike 0-2: Strikes out looking
|
|
Batting: SHB Zack Barton
|
0-0: Called Strike 0-1: Ball 1-1: Swinging Strike 1-2: Ball 2-2: SINGLE (Line Drive, 3D, EV 98.1 MPH)
|
|
Batting: RHB Jerry Foster
|
0-0: 2-RUN HOME RUN (Flyball, 7LD, EV 95.0 MPH), Distance : 333 ft
|
|
Batting: RHB Elias Sagrero
|
0-0: Ball 1-0: Ball 2-0: Ball 3-0: Base on Balls
|
|
Batting: RHB Eric Camillo
|
0-0: Ball 1-0: 2-RUN HOME RUN (Flyball, 7D, EV 99.4 MPH), Distance : 358 ft
|
|
Batting: RHB Ron Squires
|
0-0: Swinging Strike 0-1: Foul Ball, location: 2F 0-2: Ball 1-2: Strikes out swinging
|
|
Batting: RHB Sam Voss
|
0-0: Called Strike 0-1: Ball 1-1: Ball 2-1: SOLO HOME RUN (Flyball, 78XD, EV 100.0 MPH), Distance : 406 ft
|
|
Batting: RHB Josh Shoemaker
|
0-0: Ball 1-0: Ball 2-0: Called Strike 2-1: Foul Ball, location: 2F 2-2: Fly out, F8 (Flyball, 8LXD, EV 84.4 MPH)
|
| Top of the 1st over - 5 runs, 4 hits, 0 errors, 0 left on base; Amarillo 5 - Roswell 0 |
| BOTTOM OF THE 1ST |
|
Roswell Invaders batting - Pitching for Amarillo ThunderHeads : RHP John Carbonneau
|
|
Pitching: RHP John Carbonneau
|
|
|
Batting: RHB Hector Tabares
|
0-0: Ball 1-0: Foul Ball, location: 2F 1-1: Fly out, F7 (Flyball, 7D, EV 90.0 MPH)
|
|
Batting: LHB Nelson Pelico
|
0-0: Ball 1-0: Called Strike 1-1: Ball 2-1: Ball 3-1: Ground out 4-3 (Groundball, 4, EV 108.1 MPH)
|
|
Batting: RHB Chris Jones
|
0-0: Called Strike 0-1: Swinging Strike 0-2: Ball 1-2: Strikes out looking
|
| Bottom of the 1st over - 0 runs, 0 hits, 0 errors, 0 left on base; Amarillo 5 - Roswell 0 |
| TOP OF THE 2ND |
|
Amarillo ThunderHeads batting - Pitching for Roswell Invaders : RHP Joe Mulholland
|
|
Batting: SHB Tyler Romo
|
0-0: Ball 1-0: Ball 2-0: Ball 3-0: Base on Balls
|
|
Pitching: RHP Toshihiro Nagao
|
|
|
Batting: LHB Eddie Reyes
|
0-0: Ball Tyler Romo is caught stealing 2nd base 2-6 1-0: Ball 2-0: Ball 3-0: Called Strike 3-1: SOLO HOME RUN (Flyball, 9D, EV 96.9 MPH), Distance : 380 ft
|
|
Batting: SHB Zack Barton
|
0-0: Swinging Strike 0-1: Ball 1-1: Ball 2-1: Ground out 6-3 (Groundball, 56, EV 80.0 MPH)
|
|
Pitching: LHP Liu-liang Zhu
|
|
|
Batting: RHB Jerry Foster
|
0-0: Ball 1-0: SINGLE (Groundball, 56D, EV 104.4 MPH) (infield hit)
|
|
Batting: RHB Elias Sagrero
|
0-0: Ball 1-0: Ball 2-0: Fly out, F8 (Flyball, 8RM, EV 95.6 MPH)
|
| Top of the 2nd over - 1 run, 2 hits, 0 errors, 1 left on base; Amarillo 6 - Roswell 0 |
| BOTTOM OF THE 2ND |
|
Roswell Invaders batting - Pitching for Amarillo ThunderHeads : RHP John Carbonneau
|
|
Batting: RHB Cesar Rendon
|
0-0: Ball 1-0: Swinging Strike 1-1: Ground out 6-3 (Groundball, 6S, EV 85.6 MPH)
|
|
Batting: RHB Jimmy McIntosh
|
0-0: Foul Ball, location: 2F 0-1: Foul Ball, location: 2F 0-2: Foul Ball, location: 2F 0-2: Ball 1-2: Foul Ball, location: 2F 1-2: Ball 2-2: Strikes out looking
|
|
Batting: LHB Falco van Koeveringe
|
0-0: SINGLE (Groundball, 4MD, EV 95.0 MPH)
|
|
Batting: LHB Angelo Lira
|
0-0: Called Strike 0-1: Called Strike 0-2: Ball 1-2: Strikes out looking
|
| Bottom of the 2nd over - 0 runs, 1 hit, 0 errors, 1 left on base; Amarillo 6 - Roswell 0 |
| TOP OF THE 3RD |
|
Amarillo ThunderHeads batting - Pitching for Roswell Invaders : LHP Liu-liang Zhu
|
|
Batting: RHB Eric Camillo
|
0-0: Ball 1-0: Swinging Strike 1-1: Ball 2-1: Ball 3-1: Base on Balls
|
|
Batting: RHB Ron Squires
|
0-0: Ball 1-0: Ball 2-0: Ball 3-0: Called Strike 3-1: Fly out, F7 (Line Drive, 7, EV 103.8 MPH)
|
|
Batting: RHB Sam Voss
|
0-0: Called Strike 0-1: Ball 1-1: Ball 2-1: TRIPLE (Flyball, 89D, EV 109.4 MPH) Eric Camillo scores
|
|
Pitching: RHP Sergio Reyes
|
|
|
Batting: RHB Josh Shoemaker
|
0-0: Ball 1-0: Foul Ball, location: 2F 1-1: 2-RUN HOME RUN (Flyball, 78XD, EV 99.4 MPH), Distance : 408 ft
|
|
Batting: SHB Tyler Romo
|
0-0: Ball 1-0: Ball 2-0: Called Strike 2-1: Fly out, F8 (Line Drive, 78M, EV 104.4 MPH)
|
|
Batting: LHB Eddie Reyes
|
0-0: Ball 1-0: Ball 2-0: Called Strike 2-1: Ball 3-1: Foul Ball, location: 2F 3-2: Reached on error, E6 (Groundball, 6MS, EV 86.2 MPH)
|
|
Batting: SHB Zack Barton
|
0-0: Ball 1-0: Fly out, F6 (Line Drive, 6, EV 70.6 MPH)
|
| Top of the 3rd over - 3 runs, 2 hits, 1 error, 1 left on base; Amarillo 9 - Roswell 0 |
| BOTTOM OF THE 3RD |
|
Roswell Invaders batting - Pitching for Amarillo ThunderHeads : RHP John Carbonneau
|
|
Batting: RHB Isaiah Hampton
|
0-0: Ball 1-0: Ball 2-0: Swinging Strike 2-1: Swinging Strike 2-2: Strikes out looking
|
|
Batting: RHB Devon House
|
0-0: Ball 1-0: Ground out 5-3 (Groundball, 56, EV 83.8 MPH)
|
|
Batting: RHB Hector Tabares
|
0-0: Ball 1-0: Ball 2-0: Foul Ball, location: 2F 2-1: Foul Ball, location: 2F 2-2: Strikes out swinging
|
| Bottom of the 3rd over - 0 runs, 0 hits, 0 errors, 0 left on base; Amarillo 9 - Roswell 0 |
| TOP OF THE 4TH |
|
Amarillo ThunderHeads batting - Pitching for Roswell Invaders : RHP Sergio Reyes
|
|
Batting: RHB Jerry Foster
|
0-0: Ball 1-0: Ball 2-0: Ball 3-0: Called Strike 3-1: Base on Balls
|
|
Pitching: LHP Bobby Manning
|
|
|
Batting: RHB Elias Sagrero
|
0-0: Called Strike 0-1: Foul Ball, location: 2F 0-2: Strikes out swinging
|
|
Batting: RHB Eric Camillo
|
0-0: Called Strike 0-1: Ball 1-1: Foul Ball, location: 2F 1-2: Foul Ball, location: 2F 1-2: Ball 2-2: SINGLE (Groundball, 34D, EV 108.8 MPH) Jerry Foster to second Runner from 2nd tries for 3rd, SAFE, throw by RF made to third
|
|
Batting: RHB Ron Squires
|
0-0: Called Strike 0-1: Foul Ball, location: 2F 0-2: Fielders Choice at 2nd, 6-4 (Groundball, 56, EV 83.8 MPH) Jerry Foster scores
|
|
Batting: RHB Sam Voss
|
0-0: Ball 1-0: Swinging Strike 1-1: Fly out, F7 (Flyball, 7D, EV 85.6 MPH)
|
| Top of the 4th over - 1 run, 1 hit, 0 errors, 1 left on base; Amarillo 10 - Roswell 0 |
| BOTTOM OF THE 4TH |
|
Roswell Invaders batting - Pitching for Amarillo ThunderHeads : RHP John Carbonneau
|
|
Batting: LHB Nelson Pelico
|
0-0: Called Strike 0-1: Ball 1-1: Called Strike 1-2: Ball 2-2: Strikes out looking
|
|
Batting: RHB Chris Jones
|
0-0: Foul Ball, location: 2F 0-1: Ball 1-1: Ball 2-1: Fly out, F9 (Flyball, 9D, EV 90.0 MPH)
|
|
Batting: RHB Cesar Rendon
|
0-0: Swinging Strike 0-1: Swinging Strike 0-2: Foul Ball, location: 2F 0-2: Strikes out looking
|
| Bottom of the 4th over - 0 runs, 0 hits, 0 errors, 0 left on base; Amarillo 10 - Roswell 0 |
| TOP OF THE 5TH |
|
Amarillo ThunderHeads batting - Pitching for Roswell Invaders : LHP Bobby Manning
|
|
Batting: RHB Josh Shoemaker
|
0-0: Foul Ball, location: 2F 0-1: Called Strike 0-2: Ball 1-2: Ball 2-2: Ball 3-2: Foul Ball, location: 2F 3-2: Strikes out swinging
|
|
Pitching: LHP Sam Davis
|
|
|
Batting: SHB Tyler Romo
|
0-0: Ball 1-0: Fly out, F8 (Flyball, 8RD, EV 88.8 MPH)
|
|
Batting: LHB Eddie Reyes
|
0-0: Foul Ball, location: 2F 0-1: Ball 1-1: Ball 2-1: Foul Ball, location: 2F 2-2: Ball 3-2: Foul Ball, location: 2F 3-2: SINGLE (Groundball, 56S, EV 70.0 MPH) (infield hit)
|
|
Batting: SHB Zack Barton
|
0-0: Called Strike 0-1: Foul Ball, location: 2F 0-2: Ball 1-2: Ball 2-2: Strikes out looking
|
| Top of the 5th over - 0 runs, 1 hit, 0 errors, 1 left on base; Amarillo 10 - Roswell 0 |
| BOTTOM OF THE 5TH |
|
Roswell Invaders batting - Pitching for Amarillo ThunderHeads : RHP John Carbonneau
|
|
Batting: RHB Jimmy McIntosh
|
0-0: Ball 1-0: Foul Ball, location: 2F 1-1: Swinging Strike 1-2: Ball 2-2: Strikes out swinging
|
|
Batting: LHB Falco van Koeveringe
|
0-0: Called Strike 0-1: Swinging Strike 0-2: Ball 1-2: Foul Ball, location: 2F 1-2: Strikes out swinging
|
|
Pitching: LHP Matt Hawk
|
|
|
Batting: LHB Angelo Lira
|
0-0: Swinging Strike 0-1: Foul Ball, location: 2F 0-2: Ball 1-2: Ball 2-2: Ball 3-2: Foul Ball, location: 2F 3-2: Strikes out swinging
|
| Bottom of the 5th over - 0 runs, 0 hits, 0 errors, 0 left on base; Amarillo 10 - Roswell 0 |
| TOP OF THE 6TH |
|
Amarillo ThunderHeads batting - Pitching for Roswell Invaders : LHP Sam Davis
|
|
Batting: RHB Jerry Foster
|
0-0: Ball 1-0: Called Strike 1-1: Foul Ball, location: 2F 1-2: Ball 2-2: Foul Ball, location: 2F 2-2: Foul Ball, location: 2F 2-2: Strikes out looking
|
|
Pitching: RHP Sam Lewis
|
|
|
Batting: RHB Elias Sagrero
|
0-0: Ball 1-0: Called Strike 1-1: Foul Ball, location: 2F 1-2: Strikes out swinging
|
|
Batting: RHB Eric Camillo
|
0-0: Ball 1-0: Called Strike 1-1: Fly out, F5 (Popup, 56S, EV 90.0 MPH)
|
| Top of the 6th over - 0 runs, 0 hits, 0 errors, 0 left on base; Amarillo 10 - Roswell 0 |
| BOTTOM OF THE 6TH |
|
Roswell Invaders batting - Pitching for Amarillo ThunderHeads : LHP Matt Hawk
|
|
Batting: RHB Isaiah Hampton
|
0-0: Called Strike 0-1: Ball 1-1: Ground out 6-3 (Groundball, 56, EV 91.2 MPH)
|
|
Batting: RHB Devon House
|
0-0: Ball 1-0: Ball 2-0: Called Strike 2-1: Called Strike 2-2: Strikes out swinging
|
|
Batting: RHB Hector Tabares
|
0-0: Ball 1-0: Called Strike 1-1: Foul Ball, location: 2F 1-2: Ball 2-2: Foul Ball, location: 2F 2-2: Strikes out swinging
|
| Bottom of the 6th over - 0 runs, 0 hits, 0 errors, 0 left on base; Amarillo 10 - Roswell 0 |
| TOP OF THE 7TH |
|
Amarillo ThunderHeads batting - Pitching for Roswell Invaders : RHP Sam Lewis
|
|
Batting: RHB Ron Squires
|
0-0: Swinging Strike 0-1: Foul Ball, location: 2F 0-2: Ball 1-2: SINGLE (Line Drive, 56D, EV 105.0 MPH)
|
|
Batting: RHB Sam Voss
|
0-0: Called Strike 0-1: Ball 1-1: Ball 2-1: SINGLE (Line Drive, 4D, EV 105.0 MPH) Ron Squires to second
|
|
Batting: RHB Josh Shoemaker
|
0-0: Ball 1-0: Grounds into double play, 6-4-3 (Groundball, 6, EV 85.0 MPH) Ron Squires to third
|
|
Batting: SHB Tyler Romo
|
0-0: Called Strike 0-1: Ball 1-1: Foul Ball, location: 2F 1-2: SINGLE (Groundball, 4MD, EV 106.2 MPH) Ron Squires scores
|
|
Pitching: RHP Jose Cuellar
|
|
|
Batting: LHB Eddie Reyes
|
0-0: Ball 1-0: DOUBLE (Line Drive, 7LM, EV 106.9 MPH) Tyler Romo to third Runner from 3rd tries for Home, SAFE, no throw by LF
|
|
Batting: SHB Zack Barton
|
0-0: Called Strike 0-1: Ball 1-1: Fly out, F9 (Flyball, 9S, EV 83.1 MPH)
|
| Top of the 7th over - 2 runs, 4 hits, 0 errors, 1 left on base; Amarillo 12 - Roswell 0 |
| BOTTOM OF THE 7TH |
|
Roswell Invaders batting - Pitching for Amarillo ThunderHeads : LHP Matt Hawk
|
|
Batting: LHB Nelson Pelico
|
0-0: Called Strike 0-1: Ball 1-1: Swinging Strike 1-2: Ground out U3 (Groundball, 34, EV 92.5 MPH)
|
|
Batting: RHB Chris Jones
|
0-0: Foul Ball, location: 2F 0-1: Ball 1-1: Called Strike 1-2: Foul Ball, location: 2F 1-2: Ball 2-2: Foul Ball, location: 2F 2-2: Ball 3-2: Ground out 5-3 (Groundball, 56S, EV 89.4 MPH)
|
|
Batting: RHB Cesar Rendon
|
0-0: Ball 1-0: Called Strike 1-1: Ball 2-1: Called Strike 2-2: Foul Ball, location: 2F 2-2: Foul Ball, location: 2F 2-2: DOUBLE (Groundball, 5L, EV 107.5 MPH)
|
|
Pitching: RHP Antonio Ayala
|
|
|
Batting: RHB Jimmy McIntosh
|
0-0: Ball 1-0: Ground out 4-3 (Groundball, 4S, EV 87.5 MPH)
|
| Bottom of the 7th over - 0 runs, 1 hit, 0 errors, 1 left on base; Amarillo 12 - Roswell 0 |
| TOP OF THE 8TH |
|
Amarillo ThunderHeads batting - Pitching for Roswell Invaders : RHP Jose Cuellar
|
|
Batting: RHB Jerry Foster
|
0-0: Ball 1-0: Swinging Strike 1-1: Ball 2-1: Ball 3-1: Base on Balls
|
|
Batting: RHB Elias Sagrero
|
0-0: Ball 1-0: Ball 2-0: Ball 3-0: Base on Balls Jerry Foster to second
|
|
Batting: RHB Eric Camillo
|
0-0: Ball 1-0: Called Strike 1-1: SINGLE (Line Drive, 34D, EV 100.0 MPH) Jerry Foster to third Elias Sagrero to second
|
|
Batting: RHB Ron Squires
|
0-0: Ball 1-0: Called Strike 1-1: Ball 2-1: Called Strike 2-2: Strikes out swinging
|
|
Batting: RHB Sam Voss
|
0-0: Called Strike 0-1: Foul Ball, location: 2F 0-2: Ball 1-2: Foul Ball, location: 2F 1-2: Ball 2-2: Ball 3-2: SINGLE (Groundball, 6D, EV 97.5 MPH) Jerry Foster scores Elias Sagrero to third Eric Camillo to second Runner from 3rd tries for Home, SAFE, throw by CF to home
|
|
Batting: RHB Josh Shoemaker
|
0-0: Ball 1-0: Foul Ball, location: 2F 1-1: Swinging Strike 1-2: Ball 2-2: Strikes out swinging
|
|
Batting: SHB Tyler Romo
|
0-0: Ground out U3 (Groundball, 34, EV 78.8 MPH)
|
| Top of the 8th over - 2 runs, 2 hits, 0 errors, 2 left on base; Amarillo 14 - Roswell 0 |
| BOTTOM OF THE 8TH |
|
Roswell Invaders batting - Pitching for Amarillo ThunderHeads : RHP Antonio Ayala
|
|
Batting: LHB Falco van Koeveringe
|
0-0: Ball 1-0: Fly out, F7 (Flyball, 7LM, EV 105.6 MPH)
|
|
Batting: LHB Angelo Lira
|
0-0: Called Strike 0-1: Ball 1-1: Foul Ball, location: 2F 1-2: Ball 2-2: Ground out 3-1 (Groundball, 34, EV 86.9 MPH)
|
|
Batting: LHB Danny Salas
|
0-0: Foul Ball, location: 2F 0-1: Ball 1-1: Ground out 4-3 (Groundball, 4, EV 100.6 MPH)
|
| Bottom of the 8th over - 0 runs, 0 hits, 0 errors, 0 left on base; Amarillo 14 - Roswell 0 |
| TOP OF THE 9TH |
|
Amarillo ThunderHeads batting - Pitching for Roswell Invaders : RHP Jose Cuellar
|
|
Batting: LHB Eddie Reyes
|
0-0: Called Strike 0-1: Ball 1-1: Called Strike 1-2: Ball 2-2: Ball 3-2: Strikes out swinging
|
|
Batting: SHB Zack Barton
|
0-0: Hit by Pitch
|
|
Batting: RHB Jerry Foster
|
0-0: Ball 1-0: Fly out, F4 (Popup, 34S, EV 77.5 MPH)
|
|
Batting: RHB Elias Sagrero
|
0-0: Called Strike 0-1: Called Strike 0-2: Foul Ball, location: 2F 0-2: Ball 1-2: Ball 2-2: Fly out, F8 (Flyball, 8RD, EV 85.6 MPH)
|
| Top of the 9th over - 0 runs, 0 hits, 0 errors, 1 left on base; Amarillo 14 - Roswell 0 |
| BOTTOM OF THE 9TH |
|
Roswell Invaders batting - Pitching for Amarillo ThunderHeads : RHP Antonio Ayala
|
|
Pinch Hitting: RHB John Ricketts
|
0-0: Called Strike 0-1: Ball 1-1: Ball 2-1: Called Strike 2-2: Ball 3-2: Base on Balls
|
|
Batting: RHB Hector Tabares
|
0-0: Ball 1-0: Swinging Strike 1-1: Swinging Strike 1-2: Ball 2-2: Ball 3-2: SINGLE (Line Drive, 4MD, EV 101.2 MPH) John Ricketts to second John Ricketts to third
|
|
Batting: LHB Nelson Pelico
|
0-0: Called Strike 0-1: Ball 1-1: Grounds into double play, 6-4-3 (Groundball, 56, EV 80.0 MPH) John Ricketts scores
|
|
Batting: RHB Chris Jones
|
0-0: Foul Ball, location: 2F 0-1: Called Strike 0-2: Ball 1-2: Ball 2-2: Fly out, F7 (Flyball, 7, EV 90.6 MPH)
|
| Bottom of the 9th over - 1 run, 1 hit, 0 errors, 0 left on base; Amarillo 14 - Roswell 1 |
|